[Event "Satka Autumn 2019"]
[Site "Satka"]
[Date "2019.09.19"]
[Round "1.2"]
[White "Matsenko, Elena"]
[Black "Charochkina, Daria"]
[Result "0-1"]
[ECO "B07"]
[WhiteElo "1841"]
[BlackElo "2360"]
[Annotator "ChessBase"]
[PlyCount "76"]
[EventDate "2019.09.19"]
[EventType "swiss"]
[EventCountry "RUS"]
[SourceTitle "playchess.com"]
[Source "ChessBase"]
[SourceQuality "1"]
[TimeControl "5400+30"]

1. e4 d6 2. d4 Nf6 3. Nc3 c6 4. h3 b5 5. a3 Nbd7 6. Nf3 Qc7 7. Bd3 g6 8. O-O Bg7 9. Re1 O-O 10. Bf4 e5 11. Be3 a6 12. dxe5 dxe5 13. Bf1 Bb7 14. Nd2 c5 15. f3 c4 16. Qe2 Nh5 17. Qf2 Nf4 18. Rac1 Rfd8 19. b3 cxb3 20. cxb3 Qd6 21. b4 Qe6 22. a4 Bf8 23. axb5 Bxb4 24. bxa6 Bxa6 25. Bxa6 Rxa6 26. Bxf4 Bxc3 27. Rxc3 exf4 28. Rec1 Ne5 29. Qe2 Ra2 30. R1c2 Qb6+ 31. Kh2 Ra1 32. Rc1 Rxc1 33. Rxc1 Qb2 34. Rd1 Qc2 35. Qe1 Nc4 36. Rc1 Qxd2 37. Qxd2 Nxd2 38. h4 h5 0-1

[Event "Satka Autumn 2019"]
[Site "Satka"]
[Date "2019.09.19"]
[Round "1.4"]
[White "Lebedeva, Lubov E."]
[Black "Semenova, Elena"]
[Result "1/2-1/2"]
[ECO "B05"]
[WhiteElo "1802"]
[BlackElo "2303"]
[Annotator "NA"]
[PlyCount "182"]
[EventDate "2019.09.19"]
[EventType "swiss"]
[EventCountry "RUS"]
[SourceTitle "playchess.com"]
[Source "ChessBase"]
[SourceQuality "1"]
[TimeControl "5400+30"]

1. e4 Nf6 2. e5 Nd5 3. d4 d6 4. Nf3 Bg4 5. Be2 e6 6. h3 Bh5 7. Nc3 Nxc3 8. bxc3 Nd7 9. O-O d5 10. a4 a5 11. c4 dxc4 12. Bxc4 Nb6 13. Be2 Bb4 14. Bd2 O-O 15. c3 Be7 16. Qb3 Bg6 17. c4 Be4 18. Rfd1 Bc6 19. c5 Nd5 20. Bb5 Qd7 21. Bxc6 Qxc6 22. Rdc1 Rfb8 23. Ne1 b5 24. cxb6 Qxb6 25. Qxb6 cxb6 26. Nd3 Rc8 27. g3 Kf8 28. Nf4 Nxf4 29. Bxf4 Bb4 30. Be3 Ke7 31. Kf1 Kd7 32. Ke2 Rab8 33. Kd3 Rxc1 34. Bxc1 Rc8 35. Bb2 Rc6 36. f3 Kc7 37. Rc1 Rxc1 38. Bxc1 Kc6 39. Kc4 Be7 40. g4 g6 41. f4 Bh4 42. Be3 Bg3 43. Bd2 Bf2 44. Bc1 h5 45. Bd2 Bh4 46. Be3 Be1 47. gxh5 gxh5 48. Bc1 Bb4 49. Be3 Be7 50. f5 exf5 51. d5+ Kd7 52. Bxb6 Bb4 53. Kd3 Be1 54. Bd4 h4 55. Ke2 Bg3 56. Bc3 Ke7 57. Bxa5 Bxe5 58. Bb4+ Bd6 59. Bc3 Bc5 60. Be5 Bd6 61. Bd4 Bb4 62. Bb6 Kd6 63. a5 Kxd5 64. a6 Kc6 65. Bf2 Be7 66. Kf3 Bg5 67. Bd4 Kc7 68. a7 Kb7 69. Bf2 Ka8 70. Ke2 Kb7 71. Kd3 Ka8 72. Kc4 Kb7 73. Kd5 Bf6 74. Kd6 Ka8 75. Kd7 Be5 76. Bxh4 Kxa7 77. Bf2+ Kb7 78. h4 Bf6 79. h5 Bg5 80. Ke8 f6 81. Kd7 f4 82. Ke6 Kc6 83. h6 Bxh6 84. Kxf6 Kd5 85. Kf5 f3 86. Ba7 Bc1 87. Bf2 Bd2 88. Ba7 Bh6 89. Bf2 Bd2 90. Ba7 Bc1 91. Bf2 Bh6 1/2-1/2

[Event "Satka Autumn 2019"]
[Site "Satka"]
[Date "2019.09.19"]
[Round "1.5"]
[White "Bykova, Anastasia"]
[Black "Shamsutdinova, Karina"]
[Result "1-0"]
[ECO "A05"]
[WhiteElo "2259"]
[BlackElo "1747"]
[Annotator "ChessBase"]
[PlyCount "81"]
[EventDate "2019.09.19"]
[EventType "swiss"]
[EventCountry "RUS"]
[SourceTitle "playchess.com"]
[Source "ChessBase"]
[SourceQuality "1"]
[TimeControl "5400+30"]

1. Nf3 Nf6 2. g3 g6 3. b3 Bg7 4. Bb2 b6 5. c4 c5 6. Bg2 Bb7 7. O-O O-O 8. Nc3 e6 9. Qc2 d5 10. cxd5 Nxd5 11. Nxd5 Bxd5 12. Bxg7 Kxg7 13. Rfd1 Qf6 14. e4 Bb7 15. e5 Qe7 16. d4 cxd4 17. Nxd4 Rg8 18. Rac1 Bxg2 19. Kxg2 Na6 20. a3 Qb7+ 21. Qc6 Qxc6+ 22. Rxc6 Rad8 23. Rd6 Nc5 24. Nc6 Ra8 25. b4 Na6 26. Nd8 Rf8 27. Rd7 Kg8 28. Nc6 Nb8 29. Ne7+ Kg7 30. Rd8 a5 31. b5 Ra7 32. Rxf8 Kxf8 33. Nc8 Rd7 34. Rc1 Kg7 35. a4 Rb7 36. Nd6 Ra7 37. Ne8+ Kh6 38. f4 Nd7 39. Rc8 Nc5 40. Nf6 g5 41. Rg8 1-0

[Event "Satka Autumn 2019"]
[Site "Satka"]
[Date "2019.09.19"]
[Round "1.6"]
[White "Lebedeva, Ulyana"]
[Black "Lysenko, Margarita"]
[Result "0-1"]
[ECO "E15"]
[WhiteElo "1660"]
[BlackElo "2249"]
[Annotator "ChessBase"]
[PlyCount "98"]
[EventDate "2019.09.19"]
[EventType "swiss"]
[EventCountry "RUS"]
[SourceTitle "playchess.com"]
[Source "ChessBase"]
[SourceQuality "1"]
[TimeControl "5400+30"]

1. d4 Nf6 2. Nf3 e6 3. c4 b6 4. g3 Ba6 5. Qc2 c5 6. Bg2 Bb7 7. O-O Be4 8. Qd1 cxd4 9. Nxd4 Bxg2 10. Kxg2 Be7 11. Nb5 O-O 12. Bf4 a6 13. N5c3 Qc8 14. Qb3 Qb7+ 15. Kg1 Nc6 16. Be3 Rab8 17. Na4 b5 18. cxb5 axb5 19. Nc5 Qa8 20. Nd2 Rfd8 21. f3 d6 22. Nce4 Nd7 23. Bf4 Nde5 24. Rfc1 d5 25. Nf2 Bd6 26. Be3 Nc4 27. Nxc4 bxc4 28. Qd1 Rxb2 29. Rc2 Rdb8 30. a4 Rxc2 31. Qxc2 Be5 32. Rb1 Rxb1+ 33. Qxb1 Qxa4 34. Qb7 h6 35. Ng4 Qd1+ 36. Kf2 Qa4 37. Nxe5 Nxe5 38. Qb8+ Kh7 39. Qxe5 Qd7 40. Qc3 f6 41. f4 e5 42. Bd2 Qf5 43. e3 Qe4 44. Bc1 Qh1 45. h4 Qh2+ 46. Kf3 e4+ 47. Kg4 h5+ 48. Kxh5 Qe2+ 49. g4 g6# 0-1

[Event "Satka Autumn 2019"]
[Site "Satka"]
[Date "2019.09.19"]
[Round "1.7"]
[White "Prudnikova, Svetlana"]
[Black "Kalenichenko, Alina"]
[Result "1-0"]
[ECO "E91"]
[WhiteElo "2234"]
[BlackElo "1597"]
[Annotator "ChessBase"]
[PlyCount "65"]
[EventDate "2019.09.19"]
[EventType "swiss"]
[EventCountry "RUS"]
[SourceTitle "playchess.com"]
[Source "ChessBase"]
[SourceQuality "1"]
[TimeControl "5400+30"]

1. d4 Nf6 2. c4 g6 3. Nc3 Bg7 4. e4 d6 5. Be2 O-O 6. Nf3 Nbd7 7. O-O e5 8. Be3 Re8 9. d5 Nc5 10. Nd2 a5 11. a3 h5 12. f3 h4 13. b4 axb4 14. axb4 Rxa1 15. Qxa1 Na6 16. Rb1 Nh5 17. Bf1 Nf4 18. c5 Bh6 19. Kh1 Kh7 20. Nc4 Nh5 21. Bxh6 Ng3+ 22. Kg1 Nxf1 23. Bc1 h3 24. Kxf1 hxg2+ 25. Kg1 dxc5 26. bxc5 Qh4 27. Be3 f5 28. c6 bxc6 29. dxc6 Rh8 30. Nd5 fxe4 31. Qxe5 Kg8 32. Bg5 Qh3 33. Qe8+ 1-0

[Event "Satka Autumn 2019"]
[Site "Satka"]
[Date "2019.09.19"]
[Round "1.8"]
[White "Krylova, Mariya"]
[Black "Benderac, Ana"]
[Result "0-1"]
[ECO "B06"]
[WhiteElo "1543"]
[BlackElo "2228"]
[Annotator "ChessBase"]
[PlyCount "74"]
[EventDate "2019.09.19"]
[EventType "swiss"]
[EventCountry "RUS"]
[SourceTitle "playchess.com"]
[Source "ChessBase"]
[SourceQuality "1"]
[TimeControl "5400+30"]

1. e4 g6 2. d4 Bg7 3. h4 d5 4. exd5 Qxd5 5. Nf3 Bg4 6. Be2 c6 7. Be3 Nh6 8. Nbd2 Nf5 9. c3 Nxe3 10. fxe3 h5 11. Qb3 Qxb3 12. axb3 Nd7 13. b4 Bh6 14. e4 O-O 15. Nc4 Nf6 16. Bd3 a6 17. Nfe5 Be6 18. O-O Rad8 19. Na5 Bc8 20. Bc4 Kg7 21. Rae1 e6 22. Bb3 Ne8 23. Rf3 f6 24. Nd3 e5 25. dxe5 Bg4 26. exf6+ Nxf6 27. Rg3 Bd2 28. Ree3 Bxe3+ 29. Rxe3 Bc8 30. e5 Ng4 31. Rg3 Bf5 32. Nf4 Rd2 33. Nc4 Rfd8 34. Nxd2 Rxd2 35. Kf1 Rf2+ 36. Ke1 Rxf4 37. Kd1 Nxe5 0-1

[Event "Satka Autumn 2019"]
[Site "Satka"]
[Date "2019.09.19"]
[Round "1.9"]
[White "Petrenko, Svetlana"]
[Black "Nikulina, Anastasiya"]
[Result "1-0"]
[ECO "A16"]
[WhiteElo "2200"]
[BlackElo "1540"]
[Annotator "ChessBase"]
[PlyCount "91"]
[EventDate "2019.09.19"]
[EventType "swiss"]
[EventCountry "RUS"]
[SourceTitle "playchess.com"]
[Source "ChessBase"]
[SourceQuality "1"]
[TimeControl "5400+30"]

1. c4 Nf6 2. Nc3 b6 3. e4 e5 4. d3 Nc6 5. g3 Bc5 6. Bg2 O-O 7. h3 Re8 8. g4 d6 9. Be3 Bxe3 10. fxe3 Bb7 11. Nf3 h6 12. O-O Ne7 13. Nh4 Rb8 14. Qf3 Rf8 15. Qg3 Nh7 16. d4 exd4 17. exd4 Ng5 18. d5 a5 19. b3 Qd7 20. a4 Rfe8 21. Rae1 f6 22. Nb5 Nf7 23. Nd4 Ne5 24. Ne6 Bc8 25. Re3 c6 26. Nf5 Nxf5 27. exf5 cxd5 28. Bxd5 Kh7 29. Qg2 Qa7 30. Qf2 Bb7 31. Rd1 Bxd5 32. Rxd5 Qe7 33. Qd2 Qb7 34. Qg2 Nf7 35. h4 Kh8 36. Rg3 Re7 37. g5 fxg5 38. hxg5 hxg5 39. Qb2 Nd8 40. Qh2+ Kg8 41. Nxg5 Nf7 42. Qh7+ Kf8 43. Ne6+ Ke8 44. Rxg7 Ne5 45. Rxe7+ Qxe7 46. Qg8+ 1-0

[Event "Satka Autumn 2019"]
[Site "Satka"]
[Date "2019.09.19"]
[Round "1.10"]
[White "Mirgalina, Anna"]
[Black "Schepetkova, Margarita"]
[Result "0-1"]
[ECO "B12"]
[WhiteElo "1473"]
[BlackElo "2194"]
[Annotator "ChessBase"]
[PlyCount "44"]
[EventDate "2019.09.19"]
[EventType "swiss"]
[EventCountry "RUS"]
[SourceTitle "playchess.com"]
[Source "ChessBase"]
[SourceQuality "1"]
[TimeControl "5400+30"]

1. e4 c6 2. d4 d5 3. e5 Bf5 4. Nf3 e6 5. Be2 Ne7 6. Nbd2 c5 7. c4 Nbc6 8. Nb3 cxd4 9. Nbxd4 Be4 10. O-O dxc4 11. Bxc4 Ng6 12. Bg5 Be7 13. Bxe7 Qxe7 14. Re1 Bxf3 15. Nxf3 O-O 16. Qb3 Rac8 17. Bd3 Nh4 18. Nxh4 Qxh4 19. Qxb7 Qb4 20. Qxb4 Nxb4 21. Re3 Rfd8 22. Rd1 Nxd3 0-1

[Event "Satka Autumn 2019"]
[Site "Satka"]
[Date "2019.09.19"]
[Round "1.11"]
[White "Nosacheva, Mariya"]
[Black "Telelyukhina, Elizaveta"]
[Result "1-0"]
[ECO "B43"]
[WhiteElo "2193"]
[BlackElo "1445"]
[Annotator "ChessBase"]
[PlyCount "41"]
[EventDate "2019.09.19"]
[EventType "swiss"]
[EventCountry "RUS"]
[SourceTitle "playchess.com"]
[Source "ChessBase"]
[SourceQuality "1"]
[TimeControl "5400+30"]

1. e4 c5 2. Nf3 e6 3. d4 cxd4 4. Nxd4 a6 5. Nc3 Qc7 6. g3 Bb4 7. Nde2 Nf6 8. Bg2 Nc6 9. O-O O-O 10. Bf4 e5 11. Bg5 Ne7 12. Qd3 d6 13. Rad1 Rd8 14. Bxf6 gxf6 15. Qf3 Kg7 16. a3 Bc5 17. g4 Be6 18. Ng3 Bd4 19. Nh5+ Kf8 20. Qxf6 Bxc3 21. Qg7+ 1-0

[Event "Satka Autumn 2019"]
[Site "Satka"]
[Date "2019.09.19"]
[Round "1.12"]
[White "Skobochkina, Maria"]
[Black "Petrukhina, Olga"]
[Result "0-1"]
[ECO "B13"]
[WhiteElo "1432"]
[BlackElo "2192"]
[Annotator "ChessBase"]
[PlyCount "58"]
[EventDate "2019.09.19"]
[EventType "swiss"]
[EventCountry "RUS"]
[SourceTitle "playchess.com"]
[Source "ChessBase"]
[SourceQuality "1"]
[TimeControl "5400+30"]

1. e4 c6 2. d4 d5 3. exd5 cxd5 4. Bd3 Nc6 5. c3 Qc7 6. Nf3 Bg4 7. Nbd2 Nf6 8. O-O e6 9. Re1 Be7 10. h3 Bh5 11. Qc2 Rc8 12. a4 O-O 13. b4 Nxb4 14. cxb4 Qxc2 15. Bxc2 Rxc2 16. b5 Rfc8 17. Ba3 Kf8 18. a5 Bxa3 19. Rxa3 Rb2 20. Nb3 Bxf3 21. gxf3 Rcc2 22. b6 axb6 23. axb6 Nd7 24. Ra8+ Ke7 25. Re3 Nxb6 26. Rb8 Nc4 27. Rd3 b6 28. f4 Rb1+ 29. Kg2 Rcb2 0-1

[Event "Satka Autumn 2019"]
[Site "Satka"]
[Date "2019.09.20"]
[Round "2.1"]
[White "Trapeznikova, Darya"]
[Black "Guseva, Marina"]
[Result "0-1"]
[ECO "A05"]
[WhiteElo "2085"]
[BlackElo "2374"]
[Annotator "NA"]
[PlyCount "80"]
[EventDate "2019.09.19"]
[EventType "swiss"]
[EventCountry "RUS"]
[SourceTitle "playchess.com"]
[Source "ChessBase"]
[SourceQuality "1"]
[TimeControl "5400+30"]

1. Nf3 Nf6 2. c4 e6 3. e3 c5 4. Nc3 Nc6 5. b3 Be7 6. Bb2 O-O 7. Be2 d5 8. cxd5 exd5 9. d4 Ne4 10. O-O Bf6 11. Na4 cxd4 12. Nxd4 Bd7 13. Rc1 Qe7 14. Nxc6 Bxc6 15. Bxf6 Qxf6 16. Bd3 Rad8 17. Qc2 Rfe8 18. Nc3 Nxc3 19. Qxc3 d4 20. exd4 Rxd4 21. Rfe1 Red8 22. Bc4 Qg5 23. Bf1 Rg4 24. Qh3 h5 25. Rcd1 g6 26. Rxd8+ Qxd8 27. Qe3 Qd5 28. f3 Qxf3 29. Qxf3 Bxf3 30. h3 Rg5 31. Re7 Bc6 32. Kf2 h4 33. Bc4 Rxg2+ 34. Ke1 Kg7 35. Rxf7+ Kh6 36. Rf2 Rg3 37. Be6 Bg2 38. Kd2 Bxh3 39. Bd5 b6 40. Rf7 Bg2 0-1

[Event "Satka Autumn 2019"]
[Site "Satka"]
[Date "2019.09.20"]
[Round "2.2"]
[White "Charochkina, Daria"]
[Black "Filippova, Darya"]
[Result "1-0"]
[ECO "A01"]
[WhiteElo "2360"]
[BlackElo "2110"]
[Annotator "NA"]
[PlyCount "167"]
[EventDate "2019.09.19"]
[EventType "swiss"]
[EventCountry "RUS"]
[SourceTitle "playchess.com"]
[Source "ChessBase"]
[SourceQuality "1"]
[TimeControl "5400+30"]

1. b3 Nf6 2. Bb2 d5 3. Nf3 e6 4. e3 c5 5. c4 Nc6 6. cxd5 Nxd5 7. Be2 Be7 8. O-O O-O 9. Nc3 Nf6 10. Qc2 b6 11. Rfd1 Bb7 12. Rac1 Rc8 13. Qb1 Bd6 14. Nb5 Bb8 15. Ng5 e5 16. Bg4 h6 17. Bxc8 Qxc8 18. Nf3 e4 19. Ne1 Ne5 20. Bxe5 Bxe5 21. d4 exd3 22. Qxd3 Qg4 23. h3 Qh5 24. Nc3 Re8 25. Ne2 Qh4 26. Qc4 Ne4 27. Nd3 Bc7 28. f3 Qg5 29. Ndf4 Nd6 30. Qa4 Rxe3 31. Qxa7 Bxf3 32. Kf2 Nb5 33. Qa4 Rxe2+ 34. Kxf3 Rb2 35. g3 Bxf4 36. Qxf4 Qe7 37. Re1 Qb7+ 38. Kg4 Qd7+ 39. Kf3 Nd4+ 40. Ke3 Ne6 41. Qb8+ Nf8 42. Rcd1 Qxh3 43. Qe5 Qg2 44. Qf4 Ne6 45. Qf3 Rxa2 46. Qxg2 Rxg2 47. Rg1 Rb2 48. Rb1 Rc2 49. Rgc1 Rg2 50. Kf3 Rd2 51. b4 Rd3+ 52. Kf2 Rd4 53. bxc5 bxc5 54. Rb8+ Kh7 55. Rc8 h5 56. Kg2 g5 57. Rh1 Kg6 58. Rg8+ Ng7 59. Ra1 Rd2+ 60. Kf3 g4+ 61. Ke3 Rg2 62. Kf4 Kf6 63. Rh8 Ne6+ 64. Ke4 Rxg3 65. Rxh5 Rf3 66. Ra6 Rf4+ 67. Ke3 Rf5 68. Rh8 Ke5 69. Rg8 Rf3+ 70. Kd2 g3 71. Rc6 Kd5 72. Rcc8 Nd4 73. Rcd8+ Kc4 74. Ra8 Rf2+ 75. Ke3 Re2+ 76. Kf4 g2 77. Ra4+ Kb5 78. Ra3 Rf2+ 79. Ke4 f5+ 80. Kd5 Kb6 81. Rag3 Ne2 82. Rb3+ Kc7 83. Rg7+ Kc8 84. Kd6 1-0

[Event "Satka Autumn 2019"]
[Site "Satka"]
[Date "2019.09.20"]
[Round "2.3"]
[White "Turebayeva, Alfiya"]
[Black "Borisova, Ekaterina"]
[Result "0-1"]
[ECO "B22"]
[WhiteElo "2076"]
[BlackElo "2307"]
[Annotator "NA"]
[PlyCount "74"]
[EventDate "2019.09.19"]
[EventType "swiss"]
[EventCountry "RUS"]
[SourceTitle "playchess.com"]
[Source "ChessBase"]
[SourceQuality "1"]
[TimeControl "5400+30"]

1. e4 c5 2. c3 d6 3. d4 Nf6 4. Bd3 g6 5. Nf3 Bg7 6. h3 O-O 7. O-O Nc6 8. d5 Nb8 9. c4 e5 10. dxe6 Bxe6 11. Nc3 Nc6 12. Bf4 Ne8 13. Qd2 Ne5 14. Nxe5 dxe5 15. Bg5 f6 16. Be3 Qc7 17. Nd5 Bxd5 18. cxd5 Nd6 19. Rac1 b6 20. f4 exf4 21. Bxf4 Qe7 22. Rfe1 Rac8 23. b4 Rfe8 24. bxc5 bxc5 25. Qa5 c4 26. Bxd6 Qxd6 27. Rxc4 Qg3 28. Rxc8 Rxc8 29. Rd1 Bf8 30. Qa6 Bc5+ 31. Kh1 Rb8 32. d6 Rb2 33. Bf1 Qf2 34. Be2 Rxe2 35. Qc8+ Kg7 36. Qd7+ Kh6 37. Qg4 Re1+ 0-1

[Event "Satka Autumn 2019"]
[Site "Satka"]
[Date "2019.09.20"]
[Round "2.4"]
[White "Dubnikova, Anastasia"]
[Black "Bykova, Anastasia"]
[Result "0-1"]
[ECO "A11"]
[WhiteElo "2056"]
[BlackElo "2259"]
[Annotator "NA"]
[PlyCount "70"]
[EventDate "2019.09.19"]
[EventType "swiss"]
[EventCountry "RUS"]
[SourceTitle "playchess.com"]
[Source "ChessBase"]
[SourceQuality "1"]
[TimeControl "5400+30"]

1. c4 c6 2. Nf3 d5 3. e3 Nf6 4. b3 Bg4 5. Bb2 e6 6. Be2 Nbd7 7. h3 Bh5 8. O-O Be7 9. Nc3 O-O 10. d4 a5 11. Rc1 Re8 12. Re1 Bf8 13. Ne5 Bxe2 14. Qxe2 Nxe5 15. dxe5 Nd7 16. f4 Qh4 17. Red1 Red8 18. Na4 Be7 19. Kh2 Nf8 20. g3 Qh6 21. e4 dxc4 22. bxc4 Qg6 23. c5 h5 24. Nb6 Rab8 25. Ba3 Qh6 26. Rxd8 Rxd8 27. Rd1 h4 28. Rxd8 hxg3+ 29. Kxg3 Qh4+ 30. Kg2 Bxd8 31. Qd2 Ng6 32. Bc1 Be7 33. Na4 Nxe5 34. Qxa5 Nd3 35. Qd2 Nxc5 0-1

[Event "Satka Autumn 2019"]
[Site "Satka"]
[Date "2019.09.20"]
[Round "2.5"]
[White "Lysenko, Margarita"]
[Black "Mukhina, Jana"]
[Result "1/2-1/2"]
[ECO "E62"]
[WhiteElo "2249"]
[BlackElo "2083"]
[Annotator "NA"]
[PlyCount "80"]
[EventDate "2019.09.19"]
[EventType "swiss"]
[EventCountry "RUS"]
[SourceTitle "playchess.com"]
[Source "ChessBase"]
[SourceQuality "1"]
[TimeControl "5400+30"]

1. d4 Nf6 2. c4 g6 3. Nf3 Bg7 4. g3 O-O 5. Bg2 d6 6. O-O Nc6 7. Nc3 e5 8. dxe5 dxe5 9. Bg5 Be6 10. Qc1 Qc8 11. Rd1 Re8 12. Bxf6 Bxf6 13. Nd2 Bg7 14. Nce4 Nd4 15. Re1 Bg4 16. Nc3 Be6 17. e3 Nc6 18. Nd5 Ne7 19. Nxe7+ Rxe7 20. Ne4 f5 21. Nc5 e4 22. Nxe6 Qxe6 23. Rd1 Rd7 24. Qc2 Rad8 25. Bf1 c5 26. Rd5 h6 27. Rad1 Kh7 28. Qd2 Rxd5 29. cxd5 Qe5 30. b3 Rd6 31. Qa5 Rxd5 32. Rxd5 Qxd5 33. Qxa7 h5 34. Qb6 Be5 35. Qb5 Bc3 36. Qe2 Kh6 37. h4 Be5 38. Qb5 Qd6 39. Qe8 Bg7 40. Qf7 b6 1/2-1/2

[Event "Satka Autumn 2019"]
[Site "Satka"]
[Date "2019.09.20"]
[Round "2.6"]
[White "Mironenko, Galina"]
[Black "Prudnikova, Svetlana"]
[Result "1-0"]
[ECO "C50"]
[WhiteElo "1982"]
[BlackElo "2234"]
[Annotator "NA"]
[PlyCount "122"]
[EventDate "2019.09.19"]
[EventType "swiss"]
[EventCountry "RUS"]
[SourceTitle "playchess.com"]
[Source "ChessBase"]
[SourceQuality "1"]
[TimeControl "5400+30"]

1. e4 e5 2. Nf3 Nc6 3. Bc4 Bc5 4. O-O Nf6 5. d3 O-O 6. Bg5 h6 7. Bh4 Be7 8. c3 d6 9. Bb3 Be6 10. Bc2 d5 11. Nbd2 dxe4 12. dxe4 a6 13. a4 Nd7 14. Bxe7 Qxe7 15. Qe2 Rfd8 16. b4 a5 17. b5 Ncb8 18. Rfd1 Bg4 19. h3 Bxf3 20. Qxf3 Nb6 21. Nf1 N8d7 22. Ne3 g6 23. Qg3 Qg5 24. Qxg5 hxg5 25. Nd5 Nxd5 26. Rxd5 Kf8 27. Rad1 Ke7 28. c4 b6 29. c5 Nxc5 30. Rxe5+ Ne6 31. Red5 Rxd5 32. exd5 Nc5 33. g3 Kd6 34. f4 gxf4 35. gxf4 Rh8 36. Kg2 Rh5 37. f5 g5 38. Re1 Rh4 39. Re8 Rd4 40. Kf3 Rf4+ 41. Ke3 Rh4 42. f6 Rxh3+ 43. Kd4 Rh4+ 44. Ke3 Rf4 45. Rg8 Rxf6 46. Rxg5 Rf1 47. Rh5 f6 48. Rh7 Re1+ 49. Kd4 Re5 50. Rf7 Rxd5+ 51. Kc4 Rd2 52. Kc3 Rf2 53. Rf8 Rf4 54. Rf7 Rf3+ 55. Kd2 Rf1 56. Ke2 Rf4 57. Ke3 Rc4 58. Kd2 Ke6 59. Rh7 Ne4+ 60. Bxe4 Rxe4 61. Rxc7 Kd5 1-0

[Event "Satka Autumn 2019"]
[Site "Satka"]
[Date "2019.09.20"]
[Round "2.8"]
[White "Voskresenskaya, Marta"]
[Black "Petrenko, Svetlana"]
[Result "1/2-1/2"]
[ECO "D58"]
[WhiteElo "1907"]
[BlackElo "2200"]
[Annotator "NA"]
[PlyCount "120"]
[EventDate "2019.09.19"]
[EventType "swiss"]
[EventCountry "RUS"]
[SourceTitle "playchess.com"]
[Source "ChessBase"]
[SourceQuality "1"]
[TimeControl "5400+30"]

1. d4 d5 2. Nf3 Nf6 3. c4 e6 4. Nc3 Be7 5. Bg5 O-O 6. e3 h6 7. Bh4 b6 8. cxd5 exd5 9. Bd3 Bb7 10. O-O Nbd7 11. Qe2 a6 12. Rac1 b5 13. a3 c5 14. dxc5 Nxc5 15. Bf5 g6 16. Bb1 Nfe4 17. Bxe7 Qxe7 18. Ba2 Rfd8 19. Rfd1 Nf6 20. Nd4 Rac8 21. Rc2 Rc7 22. Rdc1 Rdc8 23. Qd1 Nce4 24. Nxe4 dxe4 25. Rxc7 Rxc7 26. Rxc7 Qxc7 27. Qc2 Qd6 28. h3 Nd7 29. Qb3 Ne5 30. Qc3 Nd3 31. Bb1 Qc5 32. Qxc5 Nxc5 33. Kf1 Na4 34. b4 Bd5 35. Bc2 Nb6 36. Ke1 Kf8 37. Bb3 Bxb3 38. Nxb3 Nc4 39. Nc5 Nxa3 40. Nxa6 Ke7 41. Kd2 Kd6 42. Kc3 f5 43. Nc5 Kd5 44. h4 Nc4 45. Nb3 Ne5 46. Nd4 Ng4 47. Nxb5 Nxf2 48. Nc7+ Kd6 49. Nb5+ Kc6 50. Nd4+ Kd5 51. h5 gxh5 52. Nxf5 Nd1+ 53. Kd2 Nf2 54. Kc3 Nd1+ 55. Kd2 Nb2 56. Ng3 Nc4+ 57. Ke2 Nd6 58. Nxh5 Kc4 59. Nf4 Kxb4 60. Nd5+ Kc4 1/2-1/2

[Event "Satka Autumn 2019"]
[Site "Satka"]
[Date "2019.09.20"]
[Round "2.9"]
[White "Schepetkova, Margarita"]
[Black "Mar, Karmen"]
[Result "0-1"]
[ECO "D11"]
[WhiteElo "2194"]
[BlackElo "2026"]
[Annotator "NA"]
[PlyCount "80"]
[EventDate "2019.09.19"]
[EventType "swiss"]
[EventCountry "RUS"]
[SourceTitle "playchess.com"]
[Source "ChessBase"]
[SourceQuality "1"]
[TimeControl "5400+30"]

1. d4 d5 2. c4 c6 3. Nf3 Nf6 4. g3 Bf5 5. Nc3 e6 6. Nh4 dxc4 7. Nxf5 exf5 8. Bg2 Nbd7 9. Qc2 g6 10. O-O Nb6 11. e4 Bg7 12. exf5 O-O 13. Bf4 Nh5 14. Be3 Qd7 15. g4 Nf6 16. g5 Ng4 17. f6 Qd6 18. Rfe1 Qxh2+ 19. Kf1 Bh8 20. Bc1 Rfe8 21. Re4 Qh5 22. Qe2 Rxe4 23. Qxe4 h6 24. f3 Nh2+ 25. Kg1 hxg5 26. Ne2 Bxf6 27. Be3 Kf8 28. Ng3 Qh8 29. Bf2 Re8 30. Qc2 g4 31. f4 Nf3+ 32. Bxf3 gxf3 33. Qc3 Nd5 34. Qxf3 Bxd4 35. Rd1 Bxf2+ 36. Qxf2 Qh3 37. Rd4 Re3 38. Nf1 Qg4+ 39. Kh1 Re2 40. Qg3 Qxg3 0-1

[Event "Satka Autumn 2019"]
[Site "Satka"]
[Date "2019.09.20"]
[Round "2.10"]
[White "Dubovikova, Rada"]
[Black "Nosacheva, Mariya"]
[Result "0-1"]
[ECO "B40"]
[WhiteElo "1096"]
[BlackElo "2193"]
[Annotator "NA"]
[PlyCount "30"]
[EventDate "2019.09.19"]
[EventType "swiss"]
[EventCountry "RUS"]
[SourceTitle "playchess.com"]
[Source "ChessBase"]
[SourceQuality "1"]
[TimeControl "5400+30"]

1. e4 c5 2. Nf3 e6 3. Bc4 a6 4. a4 Nc6 5. O-O Qc7 6. b3 Nf6 7. Nc3 Nd4 8. Bb2 h5 9. Re1 Qf4 10. e5 Ng4 11. h3 b5 12. axb5 Bb7 13. Be2 Bxf3 14. Bxf3 Qh2+ 15. Kf1 Qh1# {[%emt 0:00:06] Bc1 Qh2} 0-1

[Event "Satka Autumn 2019"]
[Site "Satka"]
[Date "2019.09.20"]
[Round "2.11"]
[White "Petrukhina, Olga"]
[Black "Mirzaeva, Gulnara"]
[Result "1-0"]
[ECO "A06"]
[WhiteElo "2192"]
[BlackElo "1936"]
[Annotator "NA"]
[PlyCount "75"]
[EventDate "2019.09.19"]
[EventType "swiss"]
[EventCountry "RUS"]
[SourceTitle "playchess.com"]
[Source "ChessBase"]
[SourceQuality "1"]
[TimeControl "5400+30"]

1. Nf3 d5 2. g3 e6 3. Bg2 Nf6 4. O-O c5 5. c4 dxc4 6. Na3 Nc6 7. Nxc4 Bd7 8. b3 b5 9. Nce5 Rc8 10. Bb2 Bd6 11. Nxd7 Qxd7 12. d4 c4 13. d5 Nxd5 14. e4 Nb6 15. Bxg7 Rg8 16. Bb2 Bf8 17. Qe2 Bg7 18. Rfd1 Qc7 19. e5 Ne7 20. Ba3 Nbd5 21. Bd6 Qb6 22. Rdc1 Bh6 23. Rc2 c3 24. b4 Nf5 25. Bc5 Rxc5 26. bxc5 Qxc5 27. Qe4 Nb4 28. Re2 c2 29. Qa8+ Ke7 30. Qxg8 Nd4 31. Rxc2 Ndxc2 32. Rd1 Nd5 33. Ng5 Bxg5 34. Qxg5+ Kf8 35. Bxd5 exd5 36. Qd8+ Kg7 37. Rxd5 Qc6 38. Rd6 1-0

[Event "Satka Autumn 2019"]
[Site "Satka"]
[Date "2019.09.21"]
[Round "3.1"]
[White "Guseva, Marina"]
[Black "Petrukhina, Olga"]
[Result "1-0"]
[ECO "D31"]
[WhiteElo "2374"]
[BlackElo "2192"]
[Annotator "NA"]
[PlyCount "69"]
[EventDate "2019.09.19"]
[EventType "swiss"]
[EventCountry "RUS"]
[SourceTitle "playchess.com"]
[Source "ChessBase"]
[SourceQuality "1"]
[TimeControl "5400+30"]

1. d4 d5 2. c4 e6 3. Nc3 Be7 4. cxd5 exd5 5. Bf4 Nf6 6. Qc2 c6 7. h3 Na6 8. a3 Nc7 9. e3 Ne6 10. Be5 Bd6 11. Nf3 Bxe5 12. Nxe5 Nd7 13. Nf3 Ng5 14. Nd2 Qf6 15. Bd3 Nb6 16. f4 Ne6 17. O-O a5 18. Rae1 h6 19. Nf3 O-O 20. Ne5 Rd8 21. Ng4 Qh4 22. f5 Nf8 23. Qe2 Nbd7 24. Rf4 Nf6 25. Ne5 Qh5 26. Nf3 Ne4 27. Nxe4 dxe4 28. Bxe4 f6 29. Bd3 c5 30. dxc5 Nd7 31. Rd4 Kh8 32. Qd1 Rf8 33. Nh4 Qxd1 34. Ng6+ Kg8 35. Bc4+ 1-0